 Dungeon Crawl Stone Soup version 0.15.2 (console) character file.

322 Ge0ff the Vandal (level 6, 0/42 HPs)
             Began as a Halfling Gladiator on Dec 6, 2022.
             Slain by a centaur (7 damage)
             ... on Level 4 of the Dungeon.
             The game lasted 00:13:09 (4123 turns).

Ge0ff the Vandal (Halfling Gladiator)               Turns: 4123, Time: 00:13:09

HP   0/42        AC  7     Str 17      XL: 6   Next: 76%
MP   6/6         EV 12     Int  7      God:
Gold 105         SH  0     Dex 15      Spells:  0 memorised,  5 levels left

rFire  + . .     SeeInvis .     b - +0 hunting sling
rCold  . . .     Clarity  .     r - +0 ring mail
rNeg   . . .     rCorr    .     (no shield)
rPois  .         rRot     .     I - +0 helmet
rElec  .         Spirit   .     (no cloak)
SustAb +         Warding  .     (no gloves)
rMut   .         Stasis   .     y - +0 pair of boots
Gourm  .                        (no amulet)
MR     .....                    N - ring of sustain abilities
                                u - ring of protection from fire {=R}

@: not resistant to hostile enchantments, unstealthy
A: mutation resistance 1
a: no special abilities


You were on level 4 of the Dungeon.
You were not hungry.

You visited 1 branch of the dungeon, and saw 4 of its levels.

You collected 105 gold pieces.

Inventory:

Hand weapons
 a - a +0 cutlass
 b - a +0 hunting sling (weapon)
 w - a +0 blowgun
Missiles
 d - 3 throwing nets
 l - 57 sling bullets
 n - 32 stones (quivered)
 W - 6 tomahawks
 Z - 8 poisoned needles
Armour
 r - a +0 ring mail (worn)
 y - a +0 pair of boots (worn)
 I - a +0 helmet (worn)
Magical devices
 X - a wand of polymorph (4)
Comestibles
 f - 3 bread rations
 k - 2 meat rations
 M - a beef jerky
 Q - a rotting chunk of gnoll flesh
 R - 3 rotting chunks of gnoll flesh
Scrolls
 C - a scroll of remove curse
 F - a scroll of fog
 T - a scroll of teleportation
Jewellery
 u - a ring of protection from fire (left hand) {=R}
 N - a ring of sustain abilities (right hand)
Potions
 o - a potion of confusion {unknown}
 q - 2 potions of curing
 x - a potion of magic {unknown}
 H - a potion of haste {!q}
 P - a potion of cancellation {unknown}
 U - a potion of mutation {unknown}
 V - a potion of resistance {unknown}
 Y - a potion of might {unknown}


   Skills:
 + Level 3.1 Fighting
 - Level 4.0 Short Blades
 * Level 4.9(5.3) Slings
 - Level 2.6(4.0) Throwing
 - Level 2.0 Armour
 + Level 4.4 Dodging
 - Level 2.3 Stealth
 + Level 0.7 Evocations


You had 5 spell levels left.
You didn't know any spells.

Dungeon Overview and Level Annotations

Branches:
Dungeon (4/15)
 Temple: D:4-7

Altars:
Nemelex Xobeh


Innate Abilities, Weirdness & Mutations

You are small and have problems with some larger weapons.
You are somewhat resistant to further mutation.


Message History

Firing (i - inventory. (,) - cycle):
n - 35 stones (quivered)
Press: ? - help, Shift-Dir - straight line, f/p - centaur
Aim: a centaur (severely wounded)
You shoot a stone. The stone barely misses the centaur.
The centaur completely misses you. The centaur barely misses you.
Firing (i - inventory. (,) - cycle):
n - 34 stones (quivered)
Press: ? - help, Shift-Dir - straight line, f/p - centaur
Aim: a centaur (severely wounded)
You shoot a stone. The stone hits the centaur.
The centaur is severely wounded.
The centaur hits you but does no damage.
Firing (i - inventory. (,) - cycle):
n - 33 stones (quivered)
Press: ? - help, Shift-Dir - straight line, f/p - centaur
Aim: a centaur (severely wounded)
You shoot a stone. The stone hits the centaur.
The centaur is almost dead.
The centaur hits you!
* * * LOW HITPOINT WARNING * * *
The centaur hits you!
You die...

#..###..#.#
# #....# #.
#..### .
#.## #. #.#
.###.##
.(#..#
#c##.#
#@##.#
#.##.#
#.(..#
#(#### ###


You could see a centaur.

Vanquished Creatures
  An ogre (D:3)
  Jessica (D:3)
  7 adders
  7 gnolls
  A worm (D:2)
  2 giant geckos
  3 oozes
  5 orcs (D:3)
  A ball python (D:1)
  3 giant cockroaches
  9 hobgoblins
  10 jackals
  2 quokkas
  5 bats
  2 giant newts
  8 goblins
  8 kobolds
  7 rats
82 creatures vanquished.

Vanquished Creatures (others)
  A bat (D:2)
1 creature vanquished.

Grand Total: 83 creatures vanquished

Notes
Turn   | Place    | Note
--------------------------------------------------------------
     0 | D:1      | Ge0ff, the Halfling Gladiator, began the quest for the Orb.
     0 | D:1      | Reached XP level 1. HP: 14/14 MP: 1/1
   277 | D:1      | Reached XP level 2. HP: 16/19 MP: 2/2
   584 | D:1      | Reached skill level 1 in Slings
   919 | D:2      | Reached skill level 1 in Stealth
   919 | D:2      | Reached XP level 3. HP: 16/24 MP: 3/3
  1065 | D:2      | Reached skill level 1 in Armour
  1430 | D:2      | Reached XP level 4. HP: 29/29 MP: 4/4
  2260 | D:1      | Reached XP level 5. HP: 26/35 MP: 5/5
  2657 | D:2      | Found a sparkling altar of Nemelex Xobeh.
  2942 | D:3      | Noticed Jessica
  2947 | D:3      | Killed Jessica
  3165 | D:3      | Noticed an ogre
  3190 | D:3      | Killed an ogre
  3190 | D:3      | Reached XP level 6. HP: 39/41 MP: 6/6
  4123 | D:4      | Slain by a centaur

Action                   |  1- 3 |  4- 6 || total
-------------------------+-------+-------++-------
Melee: Cutlass           |   118 |   110 ||   228
 Fire: Hunting sling     |     1 |   133 ||   134
       Blowgun           |       |     2 ||     2
Throw: Stone             |     2 |     1 ||     3
Evoke: Wand              |       |     1 ||     1
  Use: Scroll            |     3 |     7 ||    10
 Stab: Distracted        |       |     1 ||     1
  Eat: Chunk             |     2 |     8 ||    10

Vault maps used:
D:1:      co_arrival_two_rings
D:2:      nemelex_altar_shiori
D:3:      first_bread, minmay_misc_feat_encased, uniq_jessica
D:4:      serial_shops, nicolae_shop_behind_doors, minmay_box_of_dots
